 Dungeon Crawl Stone Soup version 0.27-a0-75-g9f9dfd16e9 (webtiles) character file.

Game seed: 11171144025779007434

8 knot the Chopper (level 2, 18/24 HPs)
             Began as a Demonspawn Berserker on Jan 13, 2021.
             Was a Follower of Trog.
             Quit the game on level 1 of the Dungeon.
             The game lasted 00:00:17 (243 turns).

knot the Chopper (Demonspawn Berserker)              Turns: 243, Time: 00:00:17

Health: 18/24      AC:  2    Str: 17    XL:     2   Next: 0%
Magic:  2/2        EV: 12    Int:  8    God:    Trog [*.....]
Gold:   0          SH:  0    Dex: 12    Spells: 1/1 levels left

rFire    . . .     SeeInvis .   a - +0 hand axe
rCold    . . .     Faith    .   (no shield)
rNeg     . . .     Spirit   .   b - +0 animal skin
rPois    .         Reflect  .   (no helmet)
rElec    .         Harm     .   (no cloak)
rCorr    .         Rampage  .   (no gloves)
Will     .....                  (no boots)
Stlth    +.........             (no amulet)
HPRegen  0.08/turn              (no ring)
MPRegen  0.08/turn              (no ring)

@: no status effects
A: hooves 1
a: Renounce Religion, Berserk


You were on level 1 of the Dungeon.
You worshipped Trog.
Trog was aware of your devotion.
You visited 1 branch of the dungeon, and saw 1 of its levels.

Inventory:

Hand Weapons
 a - a +0 hand axe (weapon)
Missiles
 d - 2 stones
Armour
 b - a +0 animal skin (worn)
Scrolls
 c - a scroll of random uselessness {unknown}
 f - a scroll of identify {unknown}
Potions
 e - a potion of might {unknown}


   Skills:
 - Level 3.0 Fighting
 + Level 3.2 Axes
 - Level 1.7 Armour
 - Level 1.7 Dodging


You had one spell level left.
You didn't know any spells.
Your spell library was empty.

Dungeon Overview and Level Annotations

Branches:
Dungeon (1/15)

Altars:
Cheibriados


Innate Abilities, Weirdness & Mutations

You have large cloven feet.


Message History

The giant cockroach completely misses you.
The giant cockroach bites you but does no damage.
You completely miss the giant cockroach.
The giant cockroach is almost dead.
The giant cockroach bites you.
You barely miss the giant cockroach.
The giant cockroach is almost dead.
The giant cockroach bites you.
The giant cockroach bites you but does no damage.
A giant cockroach is nearby!
You hit the giant cockroach but do no damage.
The giant cockroach is almost dead.
The giant cockroach bites you but does no damage.
You hit the giant cockroach.
You kill the giant cockroach!
Trog accepts your kill.
You have reached level 2!
Your demonic ancestry asserts itself...
Your feet thicken and deform.
Are you sure you want to abandon this character and quit the game? (Confirm with "yes".)

##..##### #...##
##.#.#.## #+
#.##.##.#
###.#######....##.#
.##........##..####.#
.....)...#.# #.###.##
#......#.# #....##
#....@##.###.####
#............#
#[#.####.#####
#........# ##########


There were no monsters in sight!

Vanquished Creatures
  A dart slug (D:1)
  A giant cockroach (D:1)
  2 hobgoblins (D:1)
  A kobold (D:1)
5 creatures vanquished.

Notes
Turn   | Place    | Note
-------+----------+-------------------------------------------
     0 | D:1      | knot the Demonspawn Berserker began the quest for the Orb.
     0 | D:1      | Reached XP level 1. HP: 18/18 MP: 1/1
   205 | D:1      | Found a snail-covered altar of Cheibriados.
   243 | D:1      | Gained mutation: You have large cloven feet. [demonic
                  | ancestry]
   243 | D:1      | Reached XP level 2. HP: 18/24 MP: 2/2
   243 | D:1      | Quit the game

Illustrated notes

Levels and vault maps discovered:
D:1:      minmay_arrival_cross, layout_loops_corners, cheibriados_altar_1

Skill      XL: |  1 |
---------------+----+-----
Axes           | 3 |  3.2
Fighting       | |  3.0
Armour         | |  1.7
Dodging        | |  1.7

Action                   || total
-------------------------++-------
Melee: Hand axe          ||    18
Armor: Animal skin       ||     5
Dodge: Dodged            ||    15

Table legend: (Time is in decaauts)
 A = Elapsed time spent in this place.
 B = Non-inter-level travel time spent in this place.
 C = Inter-level travel time spent in this place.
 D = Time resting spent in this place.
 E = Time spent auto-exploring this place.
 F = Levels seen in this place.
 G = Mean time per level.
                   A        B        C        D        E       F      G
               +--------+--------+--------+--------+--------+-----+--------+
         Total |    245 |    245 |      0 |      0 |    207 |   1 |  245.0 |
       Dungeon |    245 |    245 |      0 |      0 |    207 |   1 |  245.0 |
               +--------+--------+--------+--------+--------+-----+--------+

Top non-repeatable levels by time:
     D:1: 245 daAuts
